 Dungeon Crawl Stone Soup version 0.26-a0-689-gc93c913f66 (webtiles) character file.

Game seed: 5920956708286903646

193 Baz the Digger (level 5, -9/45 HPs)
             Began as a Deep Dwarf Earth Elementalist on Oct 22, 2020.
             Mangled by an iguana (12 damage)
             ... on level 4 of the Dungeon on Oct 23, 2020.
             The game lasted 00:08:23 (3329 turns).

Baz the Digger (Deep Dwarf Earth Elementalist)      Turns: 3329, Time: 00:08:23

Health: -9/45      AC:  2    Str: 11    XL:     5   Next: 43%
Magic:  4/8        EV: 12    Int: 17    God:
Gold:   176        SH:  0    Dex: 13    Spells: 0/9 levels left

rFire    . . .     SeeInvis .   m - +2 dagger (venom)
rCold    . . .     Faith    .   (no shield)
rNeg     . . .     Spirit   .   c - +0 robe
rPois    .         Reflect  .   (no helmet)
rElec    .         Harm     .   (no cloak)
rCorr    .         Rampage  .   (no gloves)
MR       .....                  (no boots)
Stlth    ++........             (no amulet)
HPRegen  0.00/turn              (no ring)
MPRegen  0.11/turn              (no ring)

@: non-regenerating
A: damage resistance, heal wounds, sense surroundings 1, no regeneration
a: Heal Wounds


You were on level 4 of the Dungeon.
You visited 1 branch of the dungeon, and saw 4 of its levels.

You collected 176 gold pieces.

Inventory:

Hand Weapons
 m - a +2 dagger of venom (weapon)
Missiles
 b - 32 stones (quivered)
 n - 8 poisoned darts
Armour
 c - a +0 robe (worn)
 d - a cursed +0 ring mail
Scrolls
 a - a scroll of fog {unknown}
 e - a scroll of immolation {unknown}
 g - 2 scrolls of enchant armour {unknown}
 k - 2 scrolls of identify {unknown}
 p - a scroll of blinking {unknown}
 q - 3 scrolls of teleportation {unknown}
 r - a scroll of remove curse {unknown}
Potions
 f - a potion of haste {unknown}
 h - 2 potions of flight {unknown}
 i - a potion of curing {unknown}
 j - 4 potions of heal wounds {unknown}
 l - a potion of stabbing {unknown}
 o - a potion of brilliance {unknown}
 s - a potion of might {unknown}


   Skills:
 + Level 2.0 Fighting
 - Level 2.1 Dodging
 - Level 2.4 Stealth
 + Level 2.6 Spellcasting
 - Level 1.2 Conjurations
   Level 0.8 Transmutations
 * Level 6.2 Earth Magic


You couldn't memorise any spells.
You knew the following spells:

 Your Spells              Type           Power        Failure   Level
a - Sandblast             Erth           ###...       1%          1
b - Stone Arrow           Conj/Erth      ###...       12%         3
c - Lee's Rapid Deconstr  Erth           ###.......   36%         5

Your spell library contained the following spells:

 Spells                   Type           Power        Failure   Level
 Passwall                 Tmut/Erth      ##......     6%          2
 Petrify                  Tmut/Erth      ##......     38%         4


Dungeon Overview and Level Annotations

Branches:
Dungeon (4/15)
 Temple: D:4-7

Altars:
Wu Jian


Innate Abilities, Weirdness & Mutations

You are resistant to damage.
You can heal yourself by infusing magical energy.
You passively map a small area around you.
You do not regenerate.


Message History

Aiming: Sandblast (safe; 1% risk of failure)
Press: ? - help, Shift-Dir - straight line, f/p - iguana
Aim: an iguana (lightly wounded)
The blast of sand misses the iguana.
b - 33 stones The iguana bites you!
Casting: Sandblast (safe; 1% risk of failure)
Confirm with . or Enter, or press ? or * to list all spells.
Aiming: Sandblast (safe; 1% risk of failure)
Press: ? - help, Shift-Dir - straight line, f/p - iguana
Aim: an iguana (lightly wounded)
The blast of sand hits the iguana.
The iguana is moderately wounded.
b - 32 stones The iguana bites you!
* * * LOW HITPOINT WARNING * * *
Okay, then.
The iguana misses you.
You fail to use your ability.
The iguana bites you!
You die...

, #..l...# ,
,,#......# ,
,#......# , , ,
, ,#......# * ,
+..o...# .
#####......# *
...##...###'####
,
..........)...#
,
.......@l.....#
*
*..............#
..............#
..............#
...##....##...#
, .. #....##...#
.,, ...... ...#
##..... ..# * ,


You could see an iguana.

Vanquished Creatures
  An orc wizard (D:3)
  7 adders
  An adder zombie (D:3)
  A worm (D:2)
  2 dart slugs
  4 leopard geckos
  7 orcs
  A ball python (D:1)
  5 bats
  8 giant cockroaches
  11 goblins
  5 hobgoblins
  6 jackals
  8 kobolds
  2 quokkas (D:3)
  3 frilled lizards
  8 rats
80 creatures vanquished.

Vanquished Creatures (others)
  7 plants (D:2)
7 creatures vanquished.

Grand Total: 87 creatures vanquished

Notes
Turn   | Place    | Note
-------+----------+-------------------------------------------
     0 | D:1      | Baz the Deep Dwarf Earth Elementalist began the quest for
                  | the Orb.
     0 | D:1      | Reached XP level 1. HP: 15/15 MP: 3/3
   129 | D:1      | Reached XP level 2. HP: 24/24 MP: 0/4
   410 | D:1      | Reached skill level 1 in Fighting
   722 | D:1      | Reached XP level 3. HP: 27/31 MP: 6/6
   758 | D:2      | Learned a level 3 spell: Stone Arrow
   933 | D:2      | Reached skill level 5 in Earth Magic
  1823 | D:2      | Reached XP level 4. HP: 24/38 MP: 5/7
  2377 | D:3      | Reached skill level 1 in Conjurations
  2597 | D:3      | Reached XP level 5. HP: 14/45 MP: 6/8
  2650 | D:3      | Learned a level 5 spell: Lee's Rapid Deconstruction
  2834 | D:3      | Reached skill level 6 in Earth Magic
  3016 | D:3      | Upgraded the game from 0.26-a0-683-g5206c1d7ac to
                  | 0.26-a0-689-gc93c913f66
  3119 | D:3      | Found an ornate altar of the Wu Jian Council.
  3329 | D:4      | Mangled by an iguana

Illustrated notes

Levels and vault maps discovered:
D:1:      minmay_arrival_glassed_features, layout_basic
D:2:      wad_lake_hut, layout_basic
D:3:      layout_rooms, old_standard_altar, minmay_starry_boxes
D:4:      layout_gridville, dancing_weapons_uskayaw

Skill      XL: |  1  2  3  4  5 |
---------------+----------------+-----
Spellcasting   | 2 |  2.6
Fighting       | 1 2 |  2.0
Earth Magic    | 5 6 |  6.2
Conjurations   | 1 |  1.2
Dodging        | |  2.1
Stealth        | |  2.4
Transmutations | |  0.8

Action                   |  1- 3 |  4- 6 || total
-------------------------+-------+-------++-------
Melee: Dagger            |   137 |    51 ||   188
 Cast: Sandblast         |    25 |    40 ||    65
 Abil: Heal Wounds       |     1 |     1 ||     2
 Stab: Sleeping          |     4 |     5 ||     9
Armor: Robe              |    31 |    16 ||    47
Dodge: Dodged            |    75 |    43 ||   118

Table legend: (Time is in decaauts)
 A = Elapsed time spent in this place.
 B = Non-inter-level travel time spent in this place.
 C = Inter-level travel time spent in this place.
 D = Time resting spent in this place.
 E = Time spent auto-exploring this place.
 F = Levels seen in this place.
 G = Mean time per level.
                   A        B        C        D        E       F      G
               +--------+--------+--------+--------+--------+-----+--------+
         Total |   3399 |   3265 |    134 |    802 |   1568 |   4 |  849.8 |
       Dungeon |   3399 |   3265 |    134 |    802 |   1568 |   4 |  849.8 |
               +--------+--------+--------+--------+--------+-----+--------+

Top non-repeatable levels by time:
     D:2: 1688 daAuts
     D:3: 936 daAuts
     D:1: 752 daAuts
     D:4: 21 daAuts
